 Dungeon Sprint DCSS version 0.18-a0-1577-gf591c28 (webtiles) character file.

129 pipel the Chopper (level 4, 0/48 HPs)
             Began as a Deep Dwarf Berserker on Mar 17, 2016.
             Was a Believer of Trog.
             Killed from afar by a deep elf mage (38 damage)
             ... with a bolt of cold
             ... in the Dungeon (Sprint VII: "The Pits").
             The game lasted 00:01:54 (172 turns).

pipel the Chopper (Deep Dwarf Berserker)             Turns: 172, Time: 00:01:55

Health: 0/48       AC:  2    Str: 22    XL:     4   Next: 88%
Magic:  4/4        EV: 13    Int:  7    God:    Trog [**....]
Gold:   0          SH:  0    Dex: 12    Spells: 0 memorised, 3 levels left

rFire  . . .     SeeInvis .     a - +2 hand axe
rCold  . . .     Gourm    .     b - +0 animal skin
rNeg   . . .     Faith    .     (no shield)
rPois  .         Spirit   .     (no helmet)
rElec  .         Dismiss  .     (no cloak)
rCorr  .         Reflect  .     (no gloves)
SustAt .         Harm     .     (no boots)
MR     ++...     NoTele   +     (no amulet)
Stlth  +.........               (no ring)
                                (no ring)

@: exhausted, non-regenerating, slowed, very slow, very resistant to hostile
enchantments, very unstealthy
A: damage resistance, recharge devices, sense surroundings 1, slow regeneration
3
a: Device Recharging, Berserk, Trog's Hand, Burn Spellbooks, Renounce Religion


You were in the Dungeon.
You worshipped Trog.
Trog was pleased with you.
You were not hungry.

You visited 1 branch

Inventory:

Hand Weapons
 a - a +2 hand axe (weapon)
 k - a +0 hand axe
Armour
 b - a +0 animal skin (worn)
Wands
 c - a wand of heal wounds (5/9)
Scrolls
 j - a scroll of blinking
 o - 3 scrolls of remove curse
 p - a scroll of summoning
Potions
 e - a potion of curing
 g - a potion of haste
 h - 4 potions of magic
 i - 3 potions of berserk rage
 n - 2 potions of invisibility
Comestibles
 d - 8 bread rations
 f - a chunk of flesh
 l - 40 fruits
 m - 7 meat rations


   Skills:
 + Level 6.0 Fighting
 + Level 7.7 Axes
 + Level 3.6 Armour
 + Level 4.2 Dodging


You had 3 spell levels left.
You didn't know any spells.

Dungeon Overview and Level Annotations

Branches:
Dungeon (1/1)

Altars:


Innate Abilities, Weirdness & Mutations

You are resistant to damage.
You can recharge devices by infusing magical energy.
You passively map a small area around you.
You do not regenerate naturally.


Message History

You see here a club.
You feel a strong urge to attack something.
You feel your anger subside.
You are no longer berserk.
You are exhausted.
You feel yourself slow down.
You are feeling hungry.
You now have 36/48 hp.
There is an open door to the Storerooms (Easy), spattered with blood here.
Eat one of 2 chunks of flesh? (ye/n/q/i?) This raw flesh tastes terrible.
You continue eating. x2
There is an open door here.
The deep elf mage shouts!
Your skin crawls.
You feel resistant to hostile enchantments.
You feel slightly more hungry. The deep elf mage casts a spell at you.
The bolt of cold hits you!
Ouch! That really hurt!
You die...

#######'#####.....
#...........'.....
#'#####'#####.....
#.#, #..# ,*#.....
#.#..'..+ ####'#
#.##+#### #.....
#.# ,,, , *#.....
#.# , #..... #@#*
**+* **#...<. #.#
, #..... #e# ,
*#..... #'# **
#..... #....5..#
###### #...#.e.# *
* * #...# .# *
#.##. * #.. #g ,,


You could see a deep elf mage.

Vanquished Creatures
  A necrophage (D)
  A worker ant (D)
  A gnoll (D)
  A giant eyeball (D)
  An ufetubus (D)
  A bat zombie (D)
  A giant cockroach (D)
  A goblin (D)
8 creatures vanquished.

Notes
Turn   | Place    | Note
--------------------------------------------------------------
     0 | D        | pipel the Deep Dwarf Berserker began the quest for the Orb.
     0 | D        | Reached XP level 1. HP: 20/20 MP: 1/1
     8 | D        | Noticed a worker ant
    14 | D        | Killed a worker ant
    14 | D        | Reached skill level 5 in Axes
    14 | D        | Reached XP level 2. HP: 30/30 MP: 2/2
    61 | D        | Noticed a necrophage
    81 | D        | Reached ** piety under Trog
    81 | D        | Reached XP level 3. HP: 36/36 MP: 3/3
    85 | D        | Killed a necrophage
    85 | D        | Reached skill level 5 in Fighting
    85 | D        | Reached skill level 7 in Axes
    85 | D        | Reached XP level 4. HP: 48/48 MP: 4/4
   109 | D        | Noticed a deep elf mage
   109 | D        | Noticed an ice beast
   141 | D        | Reached *** piety under Trog
   172 | D        | Killed from afar by a deep elf mage

Vault maps used:
D:        pitsprint

Skill      XL: |  1  2  3  4 |
---------------+-------------+-----
Fighting       | 4 5 6 |  6.0
Axes           | 5 7 |  7.7
Armour         | 3 |  3.6
Dodging        | 3 4 |  4.2

Action                   |  1- 3 |  4- 6 || total
-------------------------+-------+-------++-------
Melee: Hand axe          |     9 |     7 ||    16
Invok: Berserk           |     2 |     1 ||     3
       Trog's Hand       |       |     2 ||     2
  Use: Potion            |     1 |       ||     1
  Eat: Chunk             |       |     1 ||     1
